 Dungeon Crawl Stone Soup version 0.29-a0-284-gf9362112df (webtiles) character file.

Game seed: 5929620566833522566

1439 sammy202020 the Skirmisher (level 8, 0/52 HPs)
             Began as a Gargoyle Berserker on Mar 21, 2022.
             Was a Priest of Trog.
             Killed by divine providence
             ... invoked by an orc priest
              (14 damage)
             ... on level 6 of the Dungeon.
             The game lasted 00:10:58 (4733 turns).

sammy202020 the Skirmisher (Gargoyle Berserker)     Turns: 4733, Time: 00:10:59

Health: 0/52       AC: 33    Str: 20    XL:     8   Next: 74%
Magic:  8/8        EV:  8    Int: 11    God:    Trog [***...]
Gold:   228        SH:  9    Dex:  9    Spells: 7/7 levels left

rFire   . . .      SeeInvis .   l - +1 morningstar
rCold   . . .      Faith    .   e - +0 buckler
rNeg    + . .      Spirit   .   o - +18 Lear's hauberk
rPois   ∞          Reflect  +   (helmet currently unavailable)
rElec   +          Harm     .   (no cloak)
rCorr   .          Rampage  .   (gloves currently unavailable)
Will    ++...                   (boots currently unavailable)
Stlth   ..........              c - amulet of reflection
HPRegen 1.17/turn               (no ring)
MPRegen 0.11/turn               (no ring)

@: mighty, strong-willed, on berserk cooldown, regenerating, slowed, studying
Fighting, very slow
A: sickness immunity, AC +5, negative energy resistance 1, electricity
resistance, torment resistance 1, petrification resistance
a: Renounce Religion, Berserk, Trog's Hand


You were on level 6 of the Dungeon.
You worshipped Trog.
Trog was most pleased with you.
You visited 1 branch of the dungeon, and saw 6 of its levels.

You collected 228 gold pieces.

Inventory:

Hand Weapons
 a - a +0 mace
 j - a +3 hand axe
 k - a +0 hand axe
 l - a +1 morningstar (weapon)
Missiles
 v - a throwing net (quivered)
 x - a boomerang
Armour
 e - a +0 buckler (worn)
 i - a +1 plate armour of fire resistance
 o - the +18 Lear's hauberk (worn)
   (You found it on level 4 of the Dungeon)
Jewellery
 c - an amulet of reflection (around neck)
Wands
 n - a wand of acid (4)
 u - a wand of mindburst (14)
Scrolls
 b - 3 scrolls of fear
 f - a scroll of identify
 g - 3 scrolls of teleportation
 s - 4 scrolls of blinking
 w - a scroll of torment {unknown}
Potions
 h - a potion of curing
 m - a potion of flight
 p - a potion of lignification {unknown}
 r - 2 potions of haste {unknown}


   Skills:
 * Level 6.8 Fighting
 * Level 5.7 Maces & Flails
 * Level 5.8 Armour
 + Level 3.2 Dodging
 * Level 5.1 Shields


You had 7 spell levels left.
You didn't know any spells.
Your spell library was empty.

Dungeon Overview and Level Annotations

Branches:
Dungeon (6/15)             Temple (0/1) D:4

Altars:

Shops:
D:2 (   D:3 =   D:4 :

Annotations:
D:6 3 runed translucent doors, Duvessa; enile's ghost, novice MiWn


Innate Abilities, Weirdness & Mutations

You are immune to sickness and miasma.
Your stone body is resilient. (AC +5)
You are immune to poison.
You resist negative energy. (rN+)
You are resistant to electric shocks. (rElec)
You are resistant to unholy torment.
You are immune to petrification.


Message History

You sock Duvessa!
Duvessa is moderately wounded.
Duvessa hits you but does no damage. You block the adder's attack.
You block the hound's attack. Duvessa hits you but does no damage.
The orc hits you but does no damage.
The orc priest hits you but does no damage.
Something hits you but does no damage.
The phantom hits you but does no damage.
You block the orc's attack. The adder bites you but does no damage.
The hound completely misses you. Duvessa barely misses you.
The orc barely misses you.
The orc priest miscasts a cantrip.
The orc barely misses you.
The phantom hits you but does no damage.
You hear some strange, mumbled words.
A magic dart appears from out of thin air!
The magic dart hits you but does no damage.
You puncture Duvessa!
Duvessa is heavily wounded.
The hound bites you but does no damage. You block Duvessa's attack.
The adder bites you but does no damage. The hound barely misses you.
Duvessa hits you with a +2 short sword of holy wrath.
* * * LOW HITPOINT WARNING * * *
The adder bites you but does no damage. The orc barely misses you.
You block the orc priest's attack. Something hits you but does no damage.
The phantom closely misses you. You block the orc's attack.
The hound bites you.
* * * LOW HITPOINT WARNING * * *
The adder closely misses you. Duvessa hits you but does no damage.
The phantom hits you but does no damage.
You block the orc's attack. The orc hits you but does no damage.
Something hits you but does no damage. The orc priest closely misses you.
You closely miss Duvessa.
Duvessa is heavily wounded.
The hound bites you but does no damage. Duvessa hits you but does no damage.
You block the adder's attack. You block the hound's attack.
Duvessa hits you but does no damage. You block the orc's attack.
The orc priest calls down the wrath of Beogh upon you.
Beogh smites you!
You die...

........<....#oo##
.............#oW..
..#.#...##..8########
# ##..##..## ....
###...#..## #..##
#.....†...##....###
.......##....Soo.....
###...####..S{eo.....
#... #..#o@os.....
....# #..#)Wh....#.
..... #..$.......##
.###. #............#
.[............#
#..........>.....
...............#.
.............#


You could see Duvessa (berserk), a phantom, a scorpion, a hound, 2 orc priests,
2 adders and 3 orcs.

Vanquished Creatures
  Edmund (D:6)
  Pargi (D:3)
  2 ogres (D:5)
  Blork the orc (D:6)
  4 wights (D:4)
  Dowan (D:6)
  2 howler monkeys
  3 hounds (D:5)
  2 orc priests
  3 iguanas
  Natasha (thrice) (D:3)
  Ijyb (D:3)
  2 orc wizards (D:5)
  8 gnolls (D:5)
  6 adders
  2 river rats (D:3)
  2 ufetubi (D:5)
  2 dart slugs
  20 orcs
  7 ball pythons
  7 endoplasms
  6 giant cockroaches
  4 goblins
  5 hobgoblins
  8 jackals (D:3)
  7 quokkas
  4 bats (D:3)
  6 frilled lizards
  2 kobolds (D:1)
  5 rats
127 creatures vanquished.

Vanquished Creatures (others)
  A plant (D:3)
1 creature vanquished.

Grand Total: 128 creatures vanquished

Notes
Turn   | Place    | Note
-------+----------+-------------------------------------------
     0 | D:1      | sammy202020 the Gargoyle Berserker began the quest for the
                  | Orb.
     0 | D:1      | Reached XP level 1. HP: 14/14 MP: 1/1
   178 | D:1      | You fall into a shaft and drop 1 floor!
   178 | D:2      | Found Pieptusk's Antique Weapon Emporium.
   322 | D:1      | Reached XP level 2. HP: 16/19 MP: 2/2
  1138 | D:2      | Reached XP level 3. HP: 24/24 MP: 3/3
  1271 | D:2      | Reached ** piety under Trog
  1449 | D:3      | Reached skill level 1 in Shields
  1525 | D:3      | Noticed Natasha
  1542 | D:3      | Killed Natasha
  1543 | D:3      | Reached XP level 4. HP: 29/29 MP: 4/4
  1575 | D:3      | Noticed Natasha
  1587 | D:3      | Killed Natasha
  1588 | D:3      | Reached skill level 4 in Fighting
  1732 | D:3      | Noticed Natasha
  1733 | D:3      | Noticed Pargi
  1741 | D:3      | Killed Natasha
  1742 | D:3      | Reached XP level 5. HP: 24/33 MP: 5/5
  1750 | D:3      | Killed Pargi
  2005 | D:3      | Found Pahih's Jewellery Emporium.
  2016 | D:3      | Reached XP level 6. HP: 39/39 MP: 6/6
  2083 | D:3      | Found a glowing drain.
  2371 | D:3      | Noticed Ijyb
  2378 | D:3      | Killed Ijyb
  2780 | D:4      | Reached skill level 5 in Fighting
  2780 | D:4      | Reached XP level 7. HP: 25/44 MP: 7/7
  2930 | D:4      | Found the +18 Lear's hauberk
  3018 | D:4      | Found a staircase to the Ecumenical Temple.
  3151 | D:4      | Found Oficolug's Self-Improvement Boutique.
  3407 | D:5      | Entered Level 5 of the Dungeon
  3474 | D:5      | Reached *** piety under Trog
  3480 | D:5      | Reached skill level 5 in Maces & Flails
  3881 | D:5      | Reached XP level 8. HP: 50/50 MP: 8/8
  4107 | D:5      | Reached skill level 5 in Armour
  4449 | D:5      | Reached skill level 6 in Fighting
  4611 | D:5      | Identified a scroll of acquirement
  4611 | D:5      | Acquired a manual of Fighting
  4668 | D:6      | Noticed enile's ghost (novice MiWn)
  4668 | D:6      | Found a runed translucent gate.
  4668 | D:6      | Found a runed translucent gate.
  4668 | D:6      | Found a runed translucent gate.
  4686 | D:6      | Noticed Blork the orc
  4693 | D:6      | Noticed Edmund
  4695 | D:6      | Killed Blork the orc
  4711 | D:6      | Noticed Dowan
  4713 | D:6      | Noticed Duvessa
  4713 | D:6      | Killed Edmund
  4714 | D:6      | Reached skill level 5 in Shields
  4722 | D:6      | Killed Dowan
  4733 | D:6      | Killed from afar by an orc priest

Illustrated notes

Levels and vault maps discovered:
D:1:      dpeg_arrival_shelter, layout_loops_cross, minmay_tetromino_o4
D:2:      minmay_spotlight, layout_basic, serial_shops, nicolae_diamond_shop
D:3:      layout_basic, serial_shops, shop, portal_sewer_entry_b,
          serial_bayou_crossing, uniq_natasha, uniq_pargi, uniq_ijyb
D:4:      layout_gridville, minmay_temple_entry_trees, nicolae_shop_self_help
D:5:      layout_basic
D:6:      layout_cave_pools, biasface_ghost_orc_armoury, uniq_duvessa,
          uniq_edmund, uniq_blork_the_orc, uniq_crazy_yiuf_cottage

Skill      XL: |  1  2  3  4  5  6  7  8 |
---------------+-------------------------+-----
Shields        | 1 2 3 4 5 |  5.1
Armour         | 3 4 5 |  5.8
Fighting       | 4 5 6 |  6.8
Dodging        | 2 3 |  3.2
Maces & Flails | 4 5 |  5.7

Action                   |  1- 3 |  4- 6 |  7- 9 || total
-------------------------+-------+-------+-------++-------
Melee: Mace              |   105 |   173 |     2 ||   280
       Morningstar       |       |       |   191 ||   191
Invok: Trog's Hand       |     1 |     4 |     2 ||     7
       Berserk           |     1 |     3 |     2 ||     6
  Use: Scroll            |       |     6 |     2 ||     8
       Potion            |       |     1 |     3 ||     4
Armor: Animal skin       |    14 |       |       ||    14
       Plate armour      |    50 |   240 |       ||   290
       Chain mail        |       |       |   232 ||   232
Dodge: Dodged            |    44 |    94 |    96 ||   234
Block: Other             |     6 |       |       ||     6
       Buckler           |    27 |   158 |   143 ||   328
       Reflection        |       |       |     2 ||     2

Table legend: (Time is in decaauts)
 A = Elapsed time spent in this place.
 B = Non-inter-level travel time spent in this place.
 C = Inter-level travel time spent in this place.
 D = Time resting spent in this place.
 E = Time spent auto-exploring this place.
 F = Levels seen in this place.
 G = Mean time per level.
                   A        B        C        D        E       F      G
               +--------+--------+--------+--------+--------+-----+--------+
         Total |   4918 |   4885 |     33 |    184 |   3412 |   6 |  819.7 |
       Dungeon |   4918 |   4885 |     33 |    184 |   3412 |   6 |  819.7 |
               +--------+--------+--------+--------+--------+-----+--------+

Top non-repeatable levels by time:
     D:3: 1393 daAuts
     D:5: 1309 daAuts
     D:1: 830 daAuts
     D:4: 745 daAuts
     D:2: 563 daAuts
     D:6: 75 daAuts
